 Dungeon Crawl Stone Soup version 0.28-a0-622-gbaef9634d7 (webtiles) character file.

Game seed: 11935238587731272345

11 siradein the Grasshopper (level 2, 0/25 HPs)
             Began as a Draconian Warper on Oct 8, 2021.
             Slain by a quokka (3 damage)
             ... on level 2 of the Dungeon.
             The game lasted 00:00:55 (813 turns).

siradein the Grasshopper (Draconian Warper)          Turns: 813, Time: 00:00:56

Health: 0/25       AC:  4    Str: 13    XL:     2   Next: 17%
Magic:  3/5        EV: 12    Int: 13    God:
Gold:   28         SH:  0    Dex: 10    Spells: 3/5 levels left

rFire   . . .      SeeInvis .   a - +0 mace
rCold   . . .      Faith    .   (no shield)
rNeg    . . .      Spirit   .   (armour unavailable)
rPois   .          Reflect  .   (helmet restricted)
rElec   .          Harm     .   (no cloak)
rCorr   .          Rampage  .   (no gloves)
Will    .....                   (no boots)
Stlth   +.........              (no amulet)
HPRegen 0.08/turn               (no ring)
MPRegen 0.09/turn               (no ring)

@: lethally poisoned (0 -> -2), very slightly contaminated
A: AC +4, unfitting armour, cold-blooded
a: no special abilities


You were on level 2 of the Dungeon.
You visited 1 branch of the dungeon, and saw 2 of its levels.

You collected 28 gold pieces.

Inventory:

Hand Weapons
 a - a +0 mace (weapon)
Missiles
 c - 5 boomerangs of dispersal
 f - 17 stones
 i - 6 poisoned darts (quivered)
Scrolls
 b - a scroll of blinking
 g - a scroll of enchant weapon {unknown}
 h - a scroll of teleportation {unknown}
Potions
 d - a potion of might {unknown}
 e - a potion of cancellation {unknown}


   Skills:
 + Level 2.4 Fighting
 + Level 2.2 Maces & Flails
 + Level 1.1 Throwing
 + Level 2.2 Dodging
 + Level 2.1 Spellcasting
 + Level 3.0 Translocations


You had 3 spell levels left.
You knew the following spells:

 Your Spells              Type           Power      Damage    Failure   Level
a - Blink                 Tloc           N/A        N/A       11%         2

Your spell library contained the following spells:

 Spells                   Type           Power      Damage    Failure   Level
 Gell's Gravitas          Tloc           4%         N/A       22%         3
 Lesser Beckoning         Tloc           9%         N/A       22%         3
 Teleport Other           Tloc           9%         N/A       22%         3
 Manifold Assault         Tloc           9%         N/A       89%         5


Dungeon Overview and Level Annotations

Branches:
Dungeon (1/15)

Altars:


Innate Abilities, Weirdness & Mutations

Your plain brown scales are hard. (AC +4)
You cannot fit into any form of body armour.
You are cold-blooded and may be slowed by cold attacks.


Message History

You tail-slap the adder, but do no damage.
The adder is moderately wounded.
The adder bites you but does no damage. The quokka barely misses you.
The adder bites you.
You closely miss the adder.
The adder is moderately wounded.
The quokka bites you. The adder bites you. The quokka barely misses you.
You hit the adder. You tail-slap the adder.
The adder is heavily wounded.
The adder bites you. The quokka misses you. The adder misses you.
You barely miss the adder.
The adder is heavily wounded.
The quokka closely misses you. The adder barely misses you.
The quokka barely misses you. The adder closely misses you.
You hit the adder.
The adder is severely wounded.
The adder misses you.
The quokka bites you but does no damage.
You closely miss the adder.
Your tail-slap misses the adder.
The adder is severely wounded.
The adder bites you.
You are poisoned.
The adder poisons you! The quokka bites you. The adder barely misses you.
The quokka bites you but does no damage.
You are too injured to fight recklessly!
You are too injured to fight recklessly!
You hit the adder but do no damage.
The adder is severely wounded.
You feel sick. The adder bites you.
* * * LOW HITPOINT WARNING * * *
The quokka completely misses you. The adder barely misses you.
Casting: Blink (safe; 11% risk of failure)
Confirm with . or Enter, or press ? or * to list all spells.
You miscast Blink.
You are very lightly contaminated with residual magic.
Nothing appears to happen.
You feel sick. The quokka barely misses you. The adder bites you.
* * * LOW HITPOINT WARNING * * *
The quokka bites you.
You die...

####+####
#.......#
#.......#
#S@r....#
####.####
.. ##


You could see an adder and a quokka.

Vanquished Creatures
  3 endoplasms (D:1)
  A goblin (D:1)
  A kobold (D:1)
  3 ball pythons (D:1)
  A bat (D:1)
  A frilled lizard (D:1)
10 creatures vanquished.

Notes
Turn   | Place    | Note
-------+----------+-------------------------------------------
     0 | D:1      | siradein the Draconian Warper began the quest for the Orb.
     0 | D:1      | Reached XP level 1. HP: 17/17 MP: 3/3
   275 | D:1      | Reached skill level 1 in Throwing
   409 | D:1      | Reached XP level 2. HP: 11/24 MP: 5/5
   415 | D:1      | Learned a level 2 spell: Blink
   800 | D:1      | You fall into a shaft and drop 1 floor!
   813 | D:2      | Slain by a quokka

Illustrated notes

Levels and vault maps discovered:
D:1:      minmay_arrival_checkered_box, layout_loops_corners,
          minmay_misc_feat_columns, minmay_small_reverse_x
D:2:      layout_basic, shapermc_ecumenical_altar_flowoftime

Skill      XL: |  1 |
---------------+----+-----
Throwing       | 1 |  1.1
Fighting       | |  2.4
Maces & Flails | |  2.2
Dodging        | |  2.2
Spellcasting   | |  2.1
Translocations | |  3.0

Action                   || total
-------------------------++-------
Melee: Mace              ||    50
       Tailslap          ||     4
 Stab: Sleeping          ||     1
Armor: Skin              ||    19
Dodge: Dodged            ||    41

Table legend: (Time is in decaauts)
 A = Elapsed time spent in this place.
 B = Non-inter-level travel time spent in this place.
 C = Inter-level travel time spent in this place.
 D = Time resting spent in this place.
 E = Time spent auto-exploring this place.
 F = Levels seen in this place.
 G = Mean time per level.
                   A        B        C        D        E       F      G
               +--------+--------+--------+--------+--------+-----+--------+
         Total |    829 |    829 |      0 |      0 |    710 |   2 |  414.5 |
       Dungeon |    829 |    829 |      0 |      0 |    710 |   2 |  414.5 |
               +--------+--------+--------+--------+--------+-----+--------+

Top non-repeatable levels by time:
     D:1: 813 daAuts
     D:2: 16 daAuts
